 Dungeon Sprint DCSS version 0.27-a0-1006-g1fd4cec11e (webtiles) character file.

Game seed: 15299112521379183039

1397 mhtbhm the Arsonist (level 8, 0/63 HPs)
             Began as a Deep Elf Fire Elementalist on Apr 17, 2021.
             Was a Believer of Vehumet.
             Slain by Citunn the pandemonium lord (40 damage)
             ... in the Dungeon (Sprint V: "Ziggurat Sprint").
             The game lasted 00:03:34 (325 turns).

mhtbhm the Arsonist (Deep Elf Fire Elementalist)     Turns: 325, Time: 00:03:34

Health: 0/63       AC:  5    Str:  5    XL:     8   Next: 41%
Magic:  5/25       EV: 16    Int: 35    God:    Vehumet [**....]
Gold:   0          SH:  0    Dex: 15    Spells: 13/29 levels left

rFire    + . .     SeeInvis .   C - +8 lance "Wyrmbane" {slay drac, rPois rF+ rC+ AC+3}
rCold    + . .     Faith    .   (no shield)
rNeg     . . .     Spirit   .   a - +0 robe
rPois    +         Reflect  .   (no helmet)
rElec    .         Harm     .   (no cloak)
rCorr    .         Rampage  .   (no gloves)
Will     .....     NoTele   +   (no boots)
Stlth    ..........             (no amulet)
HPRegen  0.20/turn              u - +6 ring of intelligence
MPRegen  0.19/turn              v - +6 ring of intelligence

@: mighty, berserking, hasted, very quick
A: no striking features
a: Renounce Religion


You were in the Dungeon.
You worshipped Vehumet.
Vehumet was pleased with you.
You visited 1 branch

Inventory:

Hand Weapons
 C - the +8 lance "Wyrmbane" (weapon) {slay drac, rPois rF+ rC+ AC+3}
   (You found it in the Dungeon)

   It affects your AC (+3).
   It protects you from fire.
   It protects you from cold.
   It protects you from poison.
Armour
 a - a +0 robe (worn)
Jewellery
 u - a +6 ring of intelligence (left hand)
 v - a +6 ring of intelligence (right hand)
Wands
 y - a wand of mindburst (5)
 z - a wand of iceblast (1)
Scrolls
 m - 4 scrolls of amnesia
 n - 7 scrolls of fog
 p - 5 scrolls of identify
 q - 2 scrolls of fear
Potions
 b - 2 potions of brilliance
 c - 9 potions of curing
 d - 8 potions of heal wounds
 e - 5 potions of haste
 f - 7 potions of magic
 g - 2 potions of berserk rage
 i - 2 potions of invisibility
 j - 4 potions of resistance
 k - a potion of experience
 l - 4 potions of might
Miscellaneous
 B - a lightning rod (4/4)


   Skills:
 + Level 0.3 Fighting
 + Level 8.3 Dodging
 + Level 7.3 Stealth
 + Level 11.0 Spellcasting
 + Level 3.7 Conjurations
 + Level 14.3 Fire Magic
 + Level 5.2 Evocations


You had 13 spell levels left.
You knew the following spells:

 Your Spells              Type           Power      Damage    Failure   Level
a - Foxfire               Conj/Fire      100%       2x1d9     1%          1
b - Conjure Flame         Conj/Fire      70%        6-21      1%          3
c - Inner Flame           Hex/Fire       62%        N/A       1%          3
d - Sticky Flame          Conj/Fire      70%        2d8       1%          4
e - Fireball              Conj/Fire      35%        3d15      1%          5

Your spell library contained the following spells:

 Spells                   Type           Power      Damage    Failure   Level
 Sandblast                Erth           38%        2d10      2%          1
 Freeze                   Ice            76%        1d9       2%          1
 Corpse Rot               Necr/Air       N/A        N/A       3%          2
 Frozen Ramparts          Ice            38%        1d5       7%          3
 Ozocubu's Armour         Ice            19%        N/A       7%          3
 Hailstorm                Conj/Ice       32%        3d8       11%         4
 Animate Dead             Necr           9%         N/A       22%         4
 Borgnjor's Vile Clutch   Necr/Erth      9%         N/A       52%         5
 Metabolic Englaciation   Hex/Ice        9%         N/A       52%         5


Dungeon Overview and Level Annotations

Branches:
Dungeon (1/1)

Altars:
Ashenzari
Cheibriados
Dithmenos
Elyvilon
Fedhas
Gozag
Hepliaklqana
Kikubaaqudgha
Makhleb
Nemelex Xobeh
Okawaru
Qazlal
Ru
Sif Muna
Trog
Uskayaw
Vehumet
Wu Jian
Xom
Yredelemnul
Zin
The Shining One
Beogh
Jiyva
Lugonu

Annotations:
D 1 transporter


Message History

r - Retreat! s - Stop attacking. g - Guard the area. f - Follow me.
Anything else - Cancel.
Okay, then.
Blink to where?
Press: ? - help, Dir - move target
As you read the scroll of blinking, it crumbles to dust.
Okay, then.
You feel much better.
Unknown command.
Okay, then.
Unknown command.
Press: ? - help, v - describe, . - travel
Here: Citunn, armed with a chaotic touch (lightly wounded, covered in acid)
The floor.
Unknown command.
Okay, then.
Okay, then.
You feel yourself speed up.
Unknown command.
Citunn is no longer covered in acid.
Citunn barely misses you. Citunn misses you.
Aiming: Mindburst
Press: ? - help, Shift-Dir - straight line, f - Citunn
Aim: Citunn, armed with a chaotic touch (chance to affect: 0%)
Okay, then.
As you read the scroll of holy word, it crumbles to dust.
You speak a Word of immense power!
Citunn convulses!
Citunn is lost in a daze.
Unknown command.
Okay, then.
You feel very mighty all of a sudden.
Unknown command.
A red film seems to cover your vision as you go berserk!
You feel yourself moving faster!
You feel mighty! Citunn hits you!
You feel as though your hastened speed will last longer.
You hit Citunn.
Citunn is lightly wounded.
Citunn hits you!!!
Ouch! That really hurt!
You die...

▓▓▓▓▓▓▓▓▓▓▓▓▓▓▓▓▓▓
▓.8©8.▓.8©8.▓.8©8.
▓.=)".▓..|[.▓)....
▓@.[..▓)....▓.[...
▓&....▓.....▓.....
▓.....▓...).▓..†..
▓.....▓.....▓..©..
▓..©..▓..©..▓▓▓▓▓▓
▓▓▓▓▓▓▓▓▓▓▓▓▓


You could see Citunn (dazed).

Vanquished Creatures
  A dancing weapon (D)
  A deep elf archer (D)
  An air elemental (D)
  A naga (D)
  A quasit (D)
  An adder (D)
  A shadow imp (D)
  An ufetubus (D)
8 creatures vanquished.

Vanquished Creatures (others)
  4 foxfires (D)
4 creatures vanquished.

Grand Total: 12 creatures vanquished

Notes
Turn   | Place    | Note
-------+----------+-------------------------------------------
     0 | D        | mhtbhm the Deep Elf Fire Elementalist began the quest for
                  | the Orb.
     0 | D        | Reached XP level 1. HP: 10/10 MP: 6/6
     0 | D        | Found a blossoming altar of Fedhas.
     1 | D        | Found the +6 Majin-Bo {vamp, MP+6 Int+6}
     1 | D        | Found the +9 heavy crossbow "Sniper" {vorpal, Acc+∞ SInv}
     1 | D        | Found the +10 dark maul {vorpal}
     1 | D        | Found the +15 Maxwell's patent armour {-Cast -Tele rElec
                  | Will+ rCorr}
     1 | D        | Found the +18 shield of the Gong {rElec rN+ Will+ EV-5}
     1 | D        | Found the +14 obsidian axe {vorpal, Drain Fly SInv}
     1 | D        | Found the +7 great mace "Firestarter" {inner flame, rF++}
     1 | D        | Found the +6 shillelagh "Devastator" {shatter}
     1 | D        | Found the +11 plutonium sword {Contam Stlth-}
     1 | D        | Found the +8 lance "Wyrmbane" {slay drac, rPois rF+ rC+
                  | AC+3}
     1 | D        | Found the +9 sword of Zonguldrok {reap}
     1 | D        | Found the +13 scythe of Curses {drain, Drain}
     1 | D        | Found the +5 sword of Power {vorpal}
     1 | D        | Found the +7 mace of Variability {chain chaos}
     1 | D        | Found the +7 Singing Sword {vorpal, sonic wave}
     1 | D        | Found the +8 storm bow {elec, penet}
     1 | D        | Found a shimmering blue altar of Sif Muna.
     1 | D        | Found a sacrificial altar of Ru.
     1 | D        | Found a bloodstained altar of Trog.
     1 | D        | Found a stormy altar of Qazlal.
     1 | D        | Found an iron altar of Okawaru.
     1 | D        | Found a sparkling altar of Nemelex Xobeh.
     3 | D        | Found a transporter.
     3 | D        | Found an ancient bone altar of Kikubaaqudgha.
     3 | D        | Found a viscous altar of Jiyva.
     3 | D        | Found a corrupted altar of Lugonu.
     3 | D        | Found a hazy altar of Hepliaklqana.
     3 | D        | Found a burning altar of Makhleb.
     3 | D        | Found an opulent altar of Gozag.
    48 | D        | Became a worshipper of Vehumet
    65 | D        | Entered arena 2.
    65 | D        | Noticed a naga
    65 | D        | Found a transporter.
    74 | D        | Reached skill level 4 in Fire Magic
    74 | D        | Reached XP level 2. HP: 13/15 MP: 3/8
    76 | D        | Killed a naga
    77 | D        | Reached skill level 8 in Fire Magic
    77 | D        | Reached skill level 1 in Evocations
    77 | D        | Reached XP level 3. HP: 17/19 MP: 4/12
    77 | D        | Reached XP level 4. HP: 22/24 MP: 4/14
    81 | D        | Learned a level 3 spell: Conjure Flame
    85 | D        | Learned a level 3 spell: Inner Flame
    90 | D        | Learned a level 4 spell: Sticky Flame
   155 | D        | Entered arena 3.
   155 | D        | Noticed a deep elf archer
   155 | D        | Noticed an air elemental
   155 | D        | Noticed a +2 vorpal morningstar
   155 | D        | Found a transporter.
   157 | D        | Killed an air elemental
   157 | D        | Reached * piety under Vehumet
   157 | D        | Offered knowledge of Shock by Vehumet.
   158 | D        | Reached skill level 5 in Dodging
   158 | D        | Reached skill level 5 in Stealth
   158 | D        | Reached skill level 10 in Fire Magic
   158 | D        | Reached XP level 5. HP: 28/28 MP: 15/17
   158 | D        | Reached XP level 6. HP: 32/32 MP: 15/18
   161 | D        | Killed a deep elf archer
   162 | D        | Reached skill level 12 in Fire Magic
   162 | D        | Reached XP level 7. HP: 17/36 MP: 17/22
   164 | D        | Killed a +2 vorpal morningstar
   165 | D        | Reached skill level 14 in Fire Magic
   165 | D        | Reached skill level 5 in Evocations
   165 | D        | Reached XP level 8. HP: 24/42 MP: 19/25
   171 | D        | Learned a level 5 spell: Fireball
   296 | D        | Got the Guide on Dark Rites
   309 | D        | Entered arena 4.
   309 | D        | Noticed Citunn the pandemonium lord
   309 | D        | Found a transporter.
   310 | D        | Reached ** piety under Vehumet
   310 | D        | Offered knowledge of Sandblast by Vehumet.
   325 | D        | Slain by Citunn the pandemonium lord

Illustrated notes

Levels and vault maps discovered:
D:        sprint_v [room_start, room_1, room_2, room_3, room_4, room_5, room_6,
          room_7, room_8, room_9, room_10, room_11, room_12, room_13, room_14,
          room_15, room_16, room_17, room_18, room_19, room_20, room_21,
          room_22, room_23, room_24, room_25, room_26, room_27]

Skill      XL: |  1  2  3  4  5  6  7 |
---------------+----------------------+-----
Fire Magic     | 4 8 10 12 14 | 14.3
Dodging        | 4 5 7 8 |  8.3
Stealth        | 4 5 6 7 |  7.3
Spellcasting   | 6 7 9 11 | 11.0
Conjurations   | 2 3 |  3.7
Evocations     | 1 2 4 5 |  5.2
Fighting       | |  0.3

Action                   |  1- 3 |  4- 6 |  7- 9 || total
-------------------------+-------+-------+-------++-------
Melee: Lance             |       |       |     1 ||     1
 Cast: Foxfire           |     3 |       |       ||     3
Evoke: Wand              |     4 |     5 |     6 ||    15
  Use: Scroll            |     1 |     1 |     3 ||     5
       Potion            |     1 |       |     5 ||     6
Armor: Robe              |     3 |       |       ||     3
Dodge: Dodged            |     2 |       |     3 ||     5

Table legend: (Time is in decaauts)
 A = Elapsed time spent in this place.
 B = Non-inter-level travel time spent in this place.
 C = Inter-level travel time spent in this place.
 D = Time resting spent in this place.
 E = Time spent auto-exploring this place.
 F = Levels seen in this place.
 G = Mean time per level.
                   A        B        C        D        E       F      G
               +--------+--------+--------+--------+--------+-----+--------+
         Total |    321 |    321 |      0 |    174 |      0 |   1 |  321.0 |
       Dungeon |    321 |    321 |      0 |    174 |      0 |   1 |  321.0 |
               +--------+--------+--------+--------+--------+-----+--------+

Top non-repeatable levels by time:
       D: 321 daAuts
